 Dungeon Crawl Stone Soup version 0.17-a0-1731-g129c023 (webtiles) character file.

125046 HungrySpirit the Unseen (level 16, 0/84 HPs)
             Began as a Felid Berserker on Aug 24, 2015.
             Was a High Priest of Trog.
             Succumbed to a merfolk impaler's poison
             ... on level 4 of the Shoals on Aug 29, 2015.
             The game lasted 01:34:20 (48519 turns).

HungrySpirit the Unseen (Felid Berserker)          Turns: 48519, Time: 01:34:20

Health: 0/84       AC:  3    Str: 14    XL:     16   Next: 10%
Magic:  0/26       EV: 36    Int:  9    God:    Trog [*****.]
Gold:   3070       SH:  0    Dex: 22    Spells: 0 memorised, 15 levels left
                                        Lives:  0   Deaths: 4

rFire  + . .     SeeInvis +       - Unarmed
rCold  + + .     Clarity  .     (armour unavailable)
rNeg   + . .     SustAt   .     (shield unavailable)
rPois  +         Gourm    .     (helmet unavailable)
rElec  .         Spirit   +     (cloak unavailable)
rCorr  .         Warding  .     (gloves unavailable)
rMut   .         NoTele   +     (boots unavailable)
MR     ++...                    j - amulet of Hiawid {Spirit -Tele rC+ Str+3 Stlth+}
Stlth  +++++++++.               m - ring of poison resistance
                                p - ring of positive energy

@: lethally poisoned (0 -> -4), quick, very resistant to hostile enchantments,
incredibly stealthy
A: no armour, no weapons or thrown items, claws 1, fangs 3, see invisible,
carnivore 3, fire resistance 1, speed 1, shaggy fur 3, slow metabolism 1, spit
poison 1, weak 1, sharp paws
a: Spit Poison, Burn Spellbooks, Berserk, Trog's Hand, Brothers in Arms,
Renounce Religion
}: 1/15 runes: serpentine


You were on level 4 of the Shoals.
You worshipped Trog.
Trog was extremely pleased with you.
You were very full.

You visited 5 branches of the dungeon, and saw 35 of its levels.
You also visited: Bailey, Ice Cave and Volcano.

You collected 3740 gold pieces.
You spent 670 gold pieces at shops.

Inventory:

Jewellery
 j - the amulet of Hiawid (around neck) {Spirit -Tele rC+ Str+3 Stlth+}
   (You found it on level 7 of the Lair of Beasts)

   [amulet of guardian spirit]

   It causes incoming damage to be split between your health and magic.
   It affects your strength (+3).
   It protects you from cold.
   It prevents most forms of teleportation.
   It makes you more stealthy.
 m - a ring of poison resistance (right paw)
 p - a ring of positive energy (left paw)
 v - an uncursed ring of fire
 y - an uncursed amulet of regeneration
 L - an uncursed amulet of resist mutation
 M - an uncursed ring of positive energy
 N - a cursed ring of teleportation
 W - an uncursed amulet of warding
 X - an uncursed amulet of resist corrosion
 Y - an uncursed ring of fire
Magical devices
 e - a wand of disintegration (13)
 k - a wand of digging (13)
 l - a wand of digging (13)
 n - a wand of digging (12)
 s - a wand of teleportation (3)
 u - a wand of frost (19)
 H - a wand of paralysis (8)
 K - a wand of cold (3)
 U - a wand of draining (8)
 Z - a wand of disintegration (13)
Scrolls
 d - 7 scrolls of recharging
 f - 5 scrolls of teleportation
 i - 4 scrolls of noise
 t - 8 scrolls of remove curse
 w - 3 scrolls of magic mapping
 z - 4 scrolls of fear
 D - 3 scrolls of fog
 F - a scroll of summoning
 I - 8 scrolls of identify
 O - a scroll of holy word
Potions
 b - 3 potions of curing
 c - 4 potions of might
 g - 4 potions of resistance
 h - 4 potions of ambrosia
 o - 4 potions of agility
 r - 2 potions of haste
 x - a potion of berserk rage
 B - 7 potions of lignification
 C - 3 potions of brilliance
 G - a potion of magic
 J - a potion of invisibility
 R - a potion of heal wounds
 S - a potion of mutation
 T - 2 potions of cancellation
Books
 q - Sif Muna's Compendium of Flames and Combat Magic
   (You found it on level 14 of the Dungeon)

   Spells                             Type                      Level
   a - Flame Tongue                   Conjuration/Fire             1
   b - Inner Flame                    Hexes/Fire                   3
   c - Sticky Flame                   Conjuration/Fire             4
   d - Ring of Flames                 Charms/Fire                  7
   Trog disapproves of the use of such an item.
 A - a book of Burglary

   Spells                             Type                      Level
   a - Swiftness                      Charms/Air                   2
   b - Passwall                       Transmutation/Earth          3
   c - Passage of Golubria            Translocation                4
   d - Lee's Rapid Deconstruction     Earth                        5
   e - Darkness                       Hexes                        6
   f - Invisibility                   Hexes                        6
   Trog disapproves of the use of such an item.
 E - a book of Party Tricks

   Spells                             Type                      Level
   a - Summon Butterflies             Summoning                    1
   b - Apportation                    Translocation                1
   c - Tukima's Dance                 Hexes                        3
   d - Alistair's Intoxication        Transmutation/Poison         4
   e - Invisibility                   Hexes                        6
   Trog disapproves of the use of such an item.
 P - a book of Minor Magic

   Spells                             Type                      Level
   a - Magic Dart                     Conjuration                  1
   b - Blink                          Translocation                2
   c - Call Imp                       Summoning                    2
   d - Repel Missiles                 Charms/Air                   2
   e - Slow                           Hexes                        2
   f - Conjure Flame                  Conjuration/Fire             3
   g - Mephitic Cloud                 Conjuration/Poison/Air       3
   Trog disapproves of the use of such an item.
 Q - a book of the Sky

   Spells                             Type                      Level
   a - Summon Lightning Spire         Summoning/Air                4
   b - Airstrike                      Air                          4
   c - Silence                        Hexes/Air                    5
   d - Deflect Missiles               Charms/Air                   6
   e - Conjure Ball Lightning         Conjuration/Air              6
   f - Tornado                        Air                          9
   Trog disapproves of the use of such an item.
Comestibles
 a - 8 meat rations
 V - 4 chunks of flesh


   Skills:
 * Level 17.0 Fighting
 + Level 17.5 Dodging
 + Level 18.1 Stealth
 + Level 15.8 Unarmed Combat
 + Level 13.0 Evocations


You had 15 spell levels left.
You didn't know any spells.

Dungeon Overview and Level Annotations

Branches:
Dungeon (15/15)            Temple (0/1) D:6            Lair (8/8) D:11
 Shoals (4/4) Lair:3        Snake (4/4) Lair:5        Slime (0/6) Lair:7
    Orc (4/4) D:10            Elf (0/3) Orc:3        Vaults (0/5) D:13
 Depths (0/5) D:15

Altars:
Ashenzari
Dithmenos
Elyvilon
Fedhas
Gozag
Nemelex Xobeh
Qazlal
Ru
Trog
Vehumet
Xom
Yredelemnul
The Shining One
Beogh

Shops:
D:11 :?   Orc:1 (([   Orc:2 [   Orc:3 :   Orc:4 [?(}

Annotations:
D:8 exclusion: ice statue
D:11 Maurice
D:15 exclusion: Roxanne, Roxanne
Shoals:4 Ilsuiw
Snake:3 Vashnia


Innate Abilities, Weirdness & Mutations

You cannot wear armour.
You are incapable of wielding weapons or throwing items.
You have sharp claws.
You have razor-sharp teeth.
You have supernaturally acute eyesight.
You are carnivorous and can eat meat at any time.
You cover ground quickly.
Your thick and shaggy fur keeps you warm (AC +3, rC+).
You have a slow metabolism.
Your sharp claws are effective at attacking unaware monsters.
Your flesh is heat resistant.
You can spit weak poison.
You are weak. (Str -2)


Message History

You feel sick.
Your deep troll rages.
Found a meat ration.
You feel sick.
You feel sick.
An alligator snapping turtle comes into view.
You feel sick.
The alligator snapping turtle hisses angrily.
You feel sick.
You feel sick.
The alligator snapping turtle bites you from afar!!!
* * * LOW HITPOINT WARNING * * *
* * * LOW HITPOINT WARNING * * *
You feel sick.
Your deep troll bites the alligator snapping turtle but does no damage.
Your deep troll claws the alligator snapping turtle!!
Your deep troll claws the alligator snapping turtle!
Your deep troll bites the alligator snapping turtle.
Your deep troll claws the alligator snapping turtle but does no damage. x2
You die...

≈≈,*,,,,≈*,,≈#..##≈≈≈≈≈*#≈≈≈≈≈≈≈*
≈≈,,*,,*,,,≈##...#######.≈≈≈≈≈≈≈*
≈,,,,*,,,,≈##............≈≈≈≈≈≈≈*
,,,,,,######.............≈≈≈≈≈≈≈*
,,,≈.P≈≈≈≈≈≈....[..T.....≈≈≈≈≈≈≈*
,..PPP≈≈≈≈≈........t....≈≈≈≈≈≈≈≈*
,....P≈≈≈≈≈.............≈≈≈≈≈≈≈≈*
,..P.≈≈≈≈≈.............≈≈≈≈≈≈≈≈≈*
,...P%P≈≈.......@.....≈≈≈≈≈≈≈≈≈≈*
,...P.≈≈≈............≈≈≈≈≈≈≈≈≈≈≈*
,P.....≈≈...........≈≈≈≈≈≈≈≈≈≈≈≈*
,..P.....(........≈≈≈≈≈≈≈≈≈≈≈≈≈≈*
≈≈.......())....≈≈≈≈≈≈≈≈≈≈≈≈≈≈≈≈*
≈≈≈....(..()..≈≈≈≈≈≈≈≈≈≈≈≈≈≈≈≈≈≈*
≈≈≈.≈≈≈.....≈≈≈≈≈≈≈≈≈≈≈≈≈≈≈≈≈≈≈≈*
≈≈≈≈≈≈≈...(..≈≈≈≈≈≈≈≈≈≈≈≈≈≈≈≈≈≈≈*
≈≈≈≈≈≈≈...≈.≈(≈≈≈≈≈≈≈≈≈≈≈≈≈≈≈≈≈≈*


You could see an alligator snapping turtle and a friendly deep troll (berserk).

Vanquished Creatures
  Gastronok (D:8)
  9 greater nagas
  The ghost of kae the Fencer, a powerful MiFi of Qazlal (Lair:8)
  Nessos (Lair:6)
  A salamander stormcaller (D:14)
  Erolcha (Orc:1)
  Josephine (Shoals:1)
  2 hydras
  3 centaur warriors
  22 naga warriors
  13 anacondas
  Erica (D:11)
  4 shock serpents
  15 naga sharpshooters
  A tengu warrior (D:15)
  Sonja (D:10)
  Nergalle (Lair:1)
  A skeletal warrior (D:14)
  4 unseen horrors
  3 salamander mystics
  A sea snake (Shoals:4)
  A flayed ghost (D:15)
  4 orc knights
  6 naga ritualists
  A necromancer (D:15)
  A wizard (D:14)
  A giant orange brain (D:14)
  7 mana vipers
  6 hill giants
  A harpy (D:14)
  A sphinx zombie (D:15)
  6 ugly things
  2 cyclopes
  5 griffons
  12 salamanders
  A stone giant zombie (D:15)
  3 manticores
  A frost giant skeleton (D:15)
  A wolf spider (D:14)
  3 guardian serpents
  24 naga magi
  14 spiny frogs
  Joseph (D:7)
  8 elephants (Lair:6)
  37 black mambas
  A gargoyle (Volcano)
  A torpor snail (Lair:7)
  3 kobold demonologists
  3 molten gargoyles (Volcano)
  3 fire drakes
  A guardian mummy (D:15)
  A freezing wraith (D:14)
  9 komodo dragons
  2 polar bears (Lair:8)
  A deep elf priest (D:13)
  3 two-headed ogres
  A troll (shapeshifter) (D:15)
  6 trolls
  17 blink frogs
  A merfolk (Shoals:3)
  2 snapping turtles (Shoals:3)
  7 slime creatures
  A shadow (D:12)
  4 redbacks (Lair:8)
  A boulder beetle (D:14)
  A trapdoor spider (D:14)
  A water elemental (Shoals:3)
  5 fire elementals (Volcano)
  A fire bat (shapeshifter) (D:14)
  4 wraiths
  3 deep elf magi
  27 yaks
  3 wyverns
  13 hippogriffs
  Grum (D:10)
  5 spriggans
  2 hungry ghosts
  6 wargs
  4 vampire mosquitoes (D:13)
  57 nagas
  A mottled dragon (D:11)
  16 water moccasins
  13 wolves
  7 porcupines
  22 orc warriors
  2 wasps
  18 centaurs
  A sky beast (D:5)
  2 eyes of draining
  11 ogres
  3 black bears
  3 phantoms
  16 crocodiles
  12 ice beasts
  18 giant frogs
  A gnoll sergeant (D:13)
  A big kobold (D:13)
  4 scorpions
  8 wights
  10 electric eels
  5 killer bees
  2 centaur zombies
  A giant frog zombie (D:10)
  4 jellies
  4 crimson imps
  Crazy Yiuf (D:7)
  3 giant frog skeletons
  22 orc priests
  3 centaur skeletons
  10 hounds
  25 orc wizards
  Natasha (twice) (D:3)
  6 iguanas
  16 worker ants
  18 sheep
  3 worker ant zombies
  5 adders
  88 river rats
  11 gnolls
  3 shadow imps
  2 oozes (D:2)
  An adder zombie (D:6)
  3 giant geckos
  156 orcs
  8 giant cockroaches
  8 goblins
  7 hobgoblins
  10 jackals
  14 kobolds
  3 quokkas
  2 ball pythons (D:3)
  7 bats
  10 giant newts
  A quokka skeleton (D:6)
  9 rats
  A butterfly (D:7)
  2 fungi (D:7)
  A plant (D:11)
1081 creatures vanquished.

Vanquished Creatures (collateral kills)
  Rupert (Lair:6)
  Wiglaf (Snake:2)
  The ghost of kae the Fencer, a powerful MiFi of Makhleb (Orc:4)
  A merfolk impaler (Shoals:4)
  2 hydras
  2 anacondas
  A centaur warrior (D:14)
  3 naga sharpshooters (Snake:4)
  5 shock serpents
  2 salamander mystics (Snake:1)
  A naga ritualist (Snake:4)
  A griffon (Shoals:4)
  4 orc knights (Orc:4)
  3 ugly things (D:15)
  5 salamanders (Snake:1)
  6 naga magi
  2 spiny frogs
  2 black mambas
  A spriggan druid (Lair:8)
  2 merfolk (Shoals:4)
  A polar bear (Lair:8)
  6 spriggans (Lair:8)
  5 slime creatures (D:14)
  2 redbacks (Lair:8)
  A shadow (D:14)
  An ice dragon skeleton (D:15)
  2 yaks (Lair:2)
  7 wolves (Lair:8)
  A hippogriff (Lair:8)
  A warg (Orc:4)
  12 nagas
  6 ice beasts
  A mottled dragon (D:14)
  2 black bears (Lair:8)
  A boggart (D:14)
  16 orc warriors
  2 wasps (Lair:8)
  A wyvern skeleton (D:11)
  4 orc priests
  A worker ant (D:14)
  2 orc wizards
  A gnoll (D:3)
  2 river rats (Lair:2)
  23 orcs
  3 goblins (Orc:2)
150 creatures vanquished.

Vanquished Creatures (others)
  An ogre mage (D:13)
  A black mamba (Snake:3)
  A naga (Snake:3)
  10 fungi
  41 plants
54 creatures vanquished.

Grand Total: 1285 creatures vanquished

Notes
Turn   | Place    | Note
--------------------------------------------------------------
     0 | D:1      | HungrySpirit the Felid Berserker began the quest for the Orb.
     0 | D:1      | Reached XP level 1. HP: 10/10 MP: 2/2
   284 | D:1      | Reached XP level 2. HP: 11/14 MP: 3/3
  1021 | D:2      | Acquired Trog's second power
  1104 | D:2      | Reached XP level 3. HP: 15/17 MP: 4/4
  1125 | D:2      | Found a basalt altar of Yredelemnul.
  1702 | D:3      | Noticed Natasha
  1713 | D:3      | Killed Natasha
  1713 | D:3      | Reached skill level 1 in Stealth
  1713 | D:3      | Reached XP level 4. HP: 21/21 MP: 5/5
  2149 | D:3      | Killed from afar by an orc
  2150 | D:3      | Reached XP level 3. HP: -1/18 MP: 4/4
  2433 | D:3      | Reached XP level 4. HP: 18/22 MP: 5/5
  2842 | D:3      | Noticed Natasha
  2854 | D:3      | Killed Natasha
  2854 | D:3      | Reached skill level 5 in Dodging
  3378 | D:4      | Reached XP level 5. HP: 25/25 MP: 6/6
  3560 | D:4      | Found a stormy altar of Qazlal.
  3956 | D:4      | Noticed an ogre
  3961 | D:4      | Killed an ogre
  3961 | D:4      | Reached skill level 5 in Unarmed Combat
  3961 | D:4      | Gained mutation: You are covered in thick fur (AC +2). [Felid growth]
  3961 | D:4      | Reached XP level 6. HP: 28/28 MP: 7/7
  4088 | D:5      | Entered Level 5 of the Dungeon
  4675 | D:5      | Acquired Trog's third power
  4753 | D:5      | Reached skill level 6 in Dodging
  4753 | D:5      | Reached XP level 7. HP: 33/33 MP: 8/8
  4764 | D:5      | Gained mutation: You are weak. (Str -2) [mutagenic meat]
  4765 | D:5      | Gained mutation: Your flesh is heat resistant. [mutagenic meat]
  4766 | D:5      | Gained mutation: You can spit weak poison. [mutagenic meat]
  4904 | D:5      | Reached skill level 5 in Stealth
  5147 | D:6      | Found a staircase to the Ecumenical Temple.
  5196 | D:6      | Reached skill level 5 in Fighting
  5417 | D:6      | Reached XP level 8. HP: 37/37 MP: 9/9
  5498 | D:6      | Reached skill level 7 in Dodging
  5973 | D:6      | Found a sparkling altar of Nemelex Xobeh.
  5978 | D:6      | Found a glowing golden altar of the Shining One.
  5979 | D:6      | Found a sacrificial altar of Ru.
  5980 | D:6      | Found a blossoming altar of Fedhas.
  5980 | D:6      | Found a bloodstained altar of Trog.
  5981 | D:6      | Found a shadowy altar of Dithmenos.
  5983 | D:6      | Found a shimmering altar of Xom.
  5984 | D:6      | Found a white marble altar of Elyvilon.
  5985 | D:6      | Found an opulent altar of Gozag.
  6350 | D:7      | You fall through a shaft!
  6406 | D:7      | Noticed Joseph
  6452 | D:7      | Killed Joseph
  6452 | D:7      | Reached skill level 8 in Unarmed Combat
  6452 | D:7      | Reached XP level 9. HP: 34/41 MP: 10/10
  6733 | D:7      | Found a runed door.
  6758 | D:7      | Found a runed door.
  7343 | D:7      | Noticed Crazy Yiuf
  7349 | D:7      | Killed Crazy Yiuf
  7571 | D:8      | Noticed Gastronok
  7583 | D:8      | Killed Gastronok
  7583 | D:8      | Reached skill level 9 in Dodging
  7583 | D:8      | Reached XP level 10. HP: 47/47 MP: 11/11
  7835 | D:8      | Reached skill level 10 in Unarmed Combat
  7918 | D:8      | Noticed an ice statue
  7946 | D:8      | Found a radiant altar of Vehumet.
  8505 | D:9      | Reached skill level 10 in Stealth
  8515 | D:9      | Reached skill level 10 in Dodging
  8753 | D:10     | Entered Level 10 of the Dungeon
  8872 | D:10     | Found a staircase to the Orcish Mines.
  8956 | D:10     | Reached skill level 11 in Unarmed Combat
  8961 | D:10     | Noticed Sonja
  8983 | D:10     | Killed Sonja
  8994 | D:10     | Noticed a hill giant
  8998 | D:10     | Noticed Erica
  9135 | D:11     | Reached XP level 11. HP: 38/51 MP: 12/12
  9165 | D:11     | Found a staircase to the Lair.
  9189 | D:11     | Found Darchooz's Magic Scroll Boutique.
  9194 | D:11     | Bought a scroll of teleportation for 54 gold pieces
  9197 | D:11     | Found a frozen archway.
  9404 | D:11     | Slain by a warg
  9405 | D:11     | Reached XP level 10. HP: -5/49 MP: 11/11
  9573 | IceCv    | Entered an ice cave
  9603 | IceCv    | Noticed an ice statue
  9603 | IceCv    | Noticed an ice statue
  9604 | IceCv    | Noticed an ice statue
 10336 | D:11     | Found Qiklurakho's Book Emporium.
 10446 | D:10     | Noticed Maurice
 10454 | D:10     | Noticed Grum
 10461 | D:11     | Killed Erica
 10643 | D:11     | Reached skill level 12 in Unarmed Combat
 10790 | D:10     | Killed Grum
 11070 | D:10     | Killed a hill giant
 11070 | D:10     | Reached XP level 11. HP: 48/53 MP: 7/12
 11085 | D:10     | Noticed an unseen horror
 11093 | D:10     | Killed an unseen horror
 11234 | Orc:1    | Entered Level 1 of the Orcish Mines
 11489 | Orc:1    | Found Myacoerph's Weapon Shoppe.
 11532 | Orc:1    | Found Qopeyph's Weapon Emporium.
 11670 | Orc:2    | Found a flagged portal.
 11680 | Bailey   | Entered a bailey
 11680 | Bailey   | Noticed SirGodfroy's ghost (experienced TrMo)
 11680 | Bailey   | Noticed kae's ghost (powerful MiFi)
 11867 | Orc:2    | Found Ustianai's Antique Armour Shoppe.
 12071 | Orc:1    | Noticed Erolcha
 12075 | Orc:1    | Killed Erolcha
 12096 | Orc:1    | Found Estyetru's Antique Armour Shoppe.
 12346 | Orc:3    | Found Wiorhy's Book Shop.
 12419 | Orc:3    | Found a staircase to the Elven Halls.
 12756 | Orc:4    | Entered Level 4 of the Orcish Mines
 13007 | Orc:4    | Reached skill level 10 in Fighting
 13015 | Orc:4    | Found a roughly hewn altar of Beogh.
 13058 | Orc:4    | Noticed kae's ghost (powerful MiFi)
 13078 | Orc:4    | Found Huesm's Gadget Shop.
 13080 | Orc:4    | Found Basuliol's Antique Weapon Emporium.
 13109 | Orc:4    | Killed kae's ghost
 13695 | Orc:4    | Bought a wand of teleportation (3) for 315 gold pieces
 13724 | Orc:4    | Found Wiur's Antique Armour Emporium.
 13724 | Orc:4    | Found Ifabusha's Magic Scroll Shop.
 13839 | Orc:4    | Gained mutation: Your thick and shaggy fur keeps you warm (AC +3, rC+). [Felid growth]
 13839 | Orc:4    | Reached XP level 12. HP: 59/59 MP: 13/13
 13859 | Orc:4    | Bought a scroll of teleportation for 33 gold pieces
 13859 | Orc:4    | Bought a scroll of blinking for 82 gold pieces
 13859 | Orc:4    | Bought a scroll of summoning for 104 gold pieces
 13859 | Orc:4    | Bought a scroll of enchant weapon for 82 gold pieces
 14501 | Lair:1   | Entered Level 1 of the Lair of Beasts
 15001 | Lair:1   | Noticed Nergalle
 15021 | Lair:1   | Killed Nergalle
 15021 | Lair:1   | Reached skill level 1 in Evocations
 15450 | Lair:2   | Found a shimmering altar of Xom.
 15596 | Lair:2   | Reached skill level 13 in Stealth
 15623 | Lair:2   | Noticed a four-headed hydra
 15631 | Lair:2   | Killed a six-headed hydra
 15661 | Lair:2   | Found a dark tunnel.
 15666 | Volcano  | Entered a volcano
 15764 | Volcano  | Reached XP level 13. HP: 48/63 MP: 14/19
 16732 | Lair:3   | Found a staircase to the Shoals.
 19102 | Lair:5   | Found a shattered altar of Ashenzari.
 19271 | Lair:5   | Found a staircase to the Snake Pit.
 19608 | Lair:6   | Noticed Rupert
 19620 | Lair:6   | Killed Rupert
 19844 | Lair:6   | Reached XP level 14. HP: 69/69 MP: 21/21
 20005 | Lair:6   | Noticed Nessos
 20008 | Lair:6   | Killed Nessos
 20093 | Lair:6   | Reached skill level 14 in Stealth
 21340 | Lair:7   | Got a warped bone amulet
 21920 | Lair:7   | Found a staircase to the Slime Pits.
 22453 | Lair:8   | Entered Level 8 of the Lair of Beasts
 22454 | Lair:8   | Upgraded the game from 0.17-a0-1718-g72dbe4d to 0.17-a0-1731-g129c023
 22465 | Lair:8   | Noticed kae's ghost (powerful MiFi)
 22540 | Lair:8   | Identified the amulet of Hiawid {Spirit -Tele rC+ Str+3 Stlth+} (You found it on level 7 of the Lair of Beasts)
 22693 | Lair:8   | Killed kae's ghost
 23458 | Lair:8   | Reached skill level 10 in Evocations
 25814 | D:12     | Found a portal to a secret trove of treasure.
 26348 | D:12     | Reached skill level 15 in Stealth
 26757 | D:13     | Reached XP level 15. HP: 50/74 MP: 16/23
 27002 | D:13     | Found a gate to the Vaults.
 27495 | D:13     | Found a white marble altar of Elyvilon.
 28159 | D:14     | Identified Sif Muna's Compendium of Flames and Combat Magic
 29038 | D:14     | Reached skill level 15 in Dodging
 29926 | D:15     | Entered Level 15 of the Dungeon
 29960 | D:15     | Found a staircase to the Depths.
 31293 | D:15     | Noticed Roxanne
 32572 | Snake:1  | Entered Level 1 of the Snake Pit
 33128 | Snake:1  | Reached skill level 16 in Stealth
 33128 | Snake:1  | HP: 2/76 [something (9)]
 34044 | Snake:1  | Reached XP level 16. HP: 29/80 MP: 11/25
 34171 | Snake:1  | Reached skill level 15 in Fighting
 35407 | Snake:2  | Found a runed door.
 36017 | Snake:2  | HP: 3/81 [shock serpent (9)]
 37282 | Snake:3  | Noticed Wiglaf
 38755 | Snake:3  | Reached skill level 15 in Unarmed Combat
 39562 | Snake:2  | HP: 4/82 [Wiglaf/broad axe (11)]
 39585 | Snake:2  | Killed Wiglaf
 40135 | Snake:3  | Noticed Vashnia
 40315 | Snake:3  | Reached skill level 17 in Stealth
 40679 | Snake:3  | Killed from afar by a shock serpent
 40680 | Snake:3  | Reached XP level 15. HP: -1/78 MP: 0/25
 42790 | Snake:3  | Reached XP level 16. HP: 63/82 MP: 20/26
 43122 | Snake:4  | Entered Level 4 of the Snake Pit
 45558 | Snake:4  | Slain by a naga warrior
 45559 | Snake:4  | Reached XP level 15. HP: -2/118 MP: 0/25
 45962 | Snake:4  | Noticed a greater naga
 46616 | Snake:4  | Killed a greater naga
 46919 | Snake:4  | Reached skill level 18 in Stealth
 46922 | Snake:4  | Got a serpentine rune of Zot
 47594 | Snake:4  | Reached XP level 16. HP: 54/84 MP: 10/26
 47946 | Shoals:1 | Entered Level 1 of the Shoals
 47946 | Shoals:1 | Noticed Josephine
 47986 | Shoals:1 | Killed Josephine
 48391 | Shoals:4 | Entered Level 4 of the Shoals
 48391 | Shoals:4 | Noticed Ilsuiw
 48516 | Shoals:4 | HP: 2/84 [alligator snapping turtle (21)]
 48519 | Shoals:4 | Succumbed to a merfolk impaler's poison

Vault maps used:
D:1:      dpeg_arrival_stonehenge_8_columns, st_stairs_14
D:2:      overflow_temple_1_default, first_bread
D:3:      uniq_natasha
D:4:      grunt_qazlal_sundering
D:6:      minitemple, minmay_temple_entry_mist, due_unseen_surprise
D:7:      lemuel_insect_pit, uniq_crazy_yiuf_cottage, uniq_joseph
D:8:      lemuel_ice_statue, basic_altar, uniq_gastronok
D:10:     erik_orc_3, grunt_pizzeria, spider_trap, minivault_14, uniq_sonja,
          uniq_grum, uniq_maurice, uniq_erica
D:11:     erik_lair_orcish_takeover, serial_shops, kennysheep_mini_moat,
          nicolae_shop_statue_plus, portal_ice_cave_entry_ice_beasts,
          serial_bayou_lagoon_a
D:12:     enter_trove_6
D:13:     david_vaults_2, david_defended_altar_elf
D:14:     minmay_swirls_squares, minivault_23
D:15:     gammafunk_depths_entry_grave, uniq_roxanne
Lair:1:   uniq_nergalle
Lair:2:   enter_volcano_4, basic_altar, serial_bayou_shore_a,
          infiniplex_staircase_pool_2
Lair:3:   minmay_shoals_entry_beasts, lemuel_fruit_tree
Lair:4:   beast_lair_carwin_7, grunt_megastairs_3
Lair:5:   minmay_snake_entry_guardpost_small, basic_altar, columned_hall_lemuel,
          nicolae_quartered_pool_medium
Lair:6:   serial_bayou, serial_bayou_lake_a, serial_bayou_pond_c,
          serial_bayou_pond_d, serial_bayou_pond_d, beast_lair_carwin_9,
          uniq_nessos, uniq_rupert
Lair:7:   dpeg_slime_entry_corner
Lair:8:   minmay_lair_end_enchanted_forest, hibernation_bobbens
Shoals:1: uniq_josephine
Shoals:4: shoals_end_hangedman, shoal_ilsuiw
Snake:1:  cheibrodos_snake_lava_hold, guppyfry_library_mini
Snake:2:  lightli_airlock
Snake:3:  stair_cage_cross, uniq_wiglaf, uniq_vashnia
Snake:4:  snake_pit, st_stairs_6
Orc:1:    serial_shops, nicolae_shop_statue_plus, nicolae_shop_stone, shop,
          uniq_erolcha
Orc:2:    serial_shops, nicolae_shop_waterfront, enter_bailey_3
Orc:3:    serial_shops, nicolae_shop_waterfront, nicolae_orc_pool_cavern
Orc:4:    st_orc_town
Bailey:   bailey_polearm_4, bailey
IceCv:    ice_cave_statue_garden_02
Volcano:  volcano_aerie

Action                   |  1- 3 |  4- 6 |  7- 9 | 10-12 | 13-15 | 16-18 || total
-------------------------+-------+-------+-------+-------+-------+-------++-------
Melee: Unarmed           |   121 |   168 |   248 |   813 |  1936 |   675 ||  3961
Invok: Berserk           |     2 |     2 |     3 |    15 |    24 |    14 ||    60
       Trog's Hand       |       |     1 |       |     2 |     8 |     2 ||    13
       Brothers in Arms  |       |       |       |    13 |    20 |    11 ||    44
Evoke: Wand              |     6 |     2 |       |     6 |     4 |     2 ||    20
  Use: Scroll            |       |     6 |       |    20 |    12 |     6 ||    44
       Potion            |       |       |       |     5 |     1 |     3 ||     9
 Stab: Sleeping          |     8 |    12 |    17 |    30 |    96 |    34 ||   197
       Distracted        |       |       |     2 |     3 |    25 |    10 ||    40
       Invisible         |       |       |       |     9 |       |       ||     9
  Eat: Chunk             |     9 |    14 |    15 |    49 |    55 |     9 ||   151
       Beef jerky        |       |       |       |       |     3 |     3 ||     6
       Pizza             |       |       |       |       |     2 |     7 ||     9
       Meat ration       |       |       |       |       |     2 |     1 ||     3
       Royal jelly       |       |       |       |       |       |     2 ||     2
